 Dungeon Sprint DCSS version 0.27-a0-93-g19769c27d7 (webtiles) character file.

Game seed: 12977936261477407067

59 rocky1 the Chucker (level 4, -15/49 HPs)
             Began as an Ogre Hunter on Jan 17, 2021.
             Was an Initiate of Okawaru.
             Demolished by an orc warrior
             ... wielding a +3 glaive
              (29 damage)
             ... in the Dungeon (Sprint VII: "The Pits").
             The game lasted 00:02:58 (410 turns).

rocky1 the Chucker (Ogre Hunter)                     Turns: 410, Time: 00:02:59

Health: -15/49     AC:  3    Str: 17    XL:     4   Next: 3%
Magic:  4/6        EV: 10    Int: 12    God:    Okawaru [......]
Gold:   0          SH:  0    Dex:  9    Spells: 3/3 levels left

rFire    . . .     SeeInvis .   p - +2 flail (protect)
rCold    . . .     Faith    .   (no shield)
rNeg     . . .     Spirit   .   b - +0 robe
rPois    .         Reflect  .   (helmet restricted)
rElec    .         Harm     .   (no cloak)
rCorr    .         Rampage  .   (gloves unavailable)
Will     .....     NoTele   +   (boots unavailable)
Stlth    +.........             (no amulet)
HPRegen  0.16/turn              (no ring)
MPRegen  0.10/turn              (no ring)

@: no status effects
A: large, unfitting armour, tough skin 1
a: Renounce Religion


You were in the Dungeon.
You worshipped Okawaru.
Okawaru was noncommittal.
You visited 1 branch

Inventory:

Hand Weapons
 p - a +2 flail of protection (weapon)
Missiles
 d - 2 throwing nets (quivered)
Armour
 b - a +0 robe (worn)
Scrolls
 j - a scroll of blinking
 l - 3 scrolls of remove curse
 m - 5 scrolls of amnesia
 n - a scroll of summoning
Potions
 e - 6 potions of curing
 f - 6 potions of heal wounds
 g - a potion of haste
 h - 4 potions of magic
 i - 3 potions of berserk rage
 k - 2 potions of invisibility


   Skills:
 + Level 4.7 Fighting
 + Level 2.3 Maces & Flails
 + Level 5.0 Throwing
 + Level 2.2 Armour
 + Level 3.3 Dodging
 - Level 0.6 Stealth
 + Level 2.9 Invocations


You had 3 spell levels left.
You didn't know any spells.
Your spell library was empty.

Dungeon Overview and Level Annotations

Branches:
Dungeon (1/1)

Altars:
Ashenzari
Cheibriados
Dithmenos
Elyvilon
Fedhas
Gozag
Hepliaklqana
Kikubaaqudgha
Makhleb
Nemelex Xobeh
Okawaru
Qazlal
Ru
Sif Muna
Trog
Uskayaw
Vehumet
Wu Jian
Xom
Yredelemnul
Zin
The Shining One
Beogh
Jiyva
Lugonu


Innate Abilities, Weirdness & Mutations

You are too large for most types of armour.
You have tough skin. (AC +1)


Message History

Press: ? - help, Q - select action, (/) - cycle Shift-Dir - straight line, f/p - orc warrior
Aim: an orc warrior, wielding a +3 glaive and wearing a +0 plate armour (moderately wounded)
You throw a large rock. The large rock hits the jackal!
You kill the jackal!
Okawaru accepts your kill.
An adder comes into view.
The orc warrior hits you from afar with a +3 glaive!
An orc comes into view. It is wielding a +0 whip.
An orc comes into view. It is wielding a +0 short sword.
Unknown command.
Throw: large rock
Press: ? - help, Q - select action, (/) - cycle Shift-Dir - straight line, f/p - orc warrior
Aim: an orc warrior, wielding a +3 glaive and wearing a +0 plate armour (moderately wounded)
You throw a large rock. The large rock hits the orc warrior!
The orc warrior is severely wounded.
The orc warrior hits you from afar with a +3 glaive!
* * * LOW HITPOINT WARNING * * *
The orc warrior hits you from afar with a +3 glaive!!
Ouch! That really hurt!
You die...

#.....).)...'.....
#'#####'#####.....
#.#..#..#..##.....
#.#..÷..#))#####'#
#.#..####))##.....
#.#..#..#))##.....
#.#..#..#[[##.....
#.##†#..#'###...<.
#@#........##.....
#(#........##.....
#o###########.....


#Kh ###### #S(# #... ##o## .. Y# You could see an orc warrior, a big kobold, an
adder, an orc and a jackal.

Vanquished Creatures
  An orc wizard (D)
  A river rat (D)
  An orc (D)
  A bat (D)
  A giant cockroach (D)
  A goblin (D)
  A hobgoblin (D)
  8 jackals (D)
  A quokka (D)
  A frilled lizard (D)
17 creatures vanquished.

Notes
Turn   | Place    | Note
-------+----------+-------------------------------------------
     0 | D        | rocky1 the Ogre Hunter began the quest for the Orb.
     0 | D        | Reached XP level 1. HP: 22/22 MP: 1/1
    44 | D        | Found a bloodstained altar of Trog.
    44 | D        | Found a shimmering blue altar of Sif Muna.
    44 | D        | Found a viscous altar of Jiyva.
    44 | D        | Found a hazy altar of Hepliaklqana.
    44 | D        | Found an opulent altar of Gozag.
    45 | D        | Found a glowing golden altar of the Shining One.
    45 | D        | Found a glowing silver altar of Zin.
    45 | D        | Found a basalt altar of Yredelemnul.
    45 | D        | Found a shimmering altar of Xom.
    45 | D        | Found an ornate altar of the Wu Jian Council.
    45 | D        | Found a sacrificial altar of Ru.
    45 | D        | Found a stormy altar of Qazlal.
    45 | D        | Found an iron altar of Okawaru.
    45 | D        | Found a sparkling altar of Nemelex Xobeh.
    45 | D        | Found a burning altar of Makhleb.
    45 | D        | Found a blossoming altar of Fedhas.
    45 | D        | Found a white marble altar of Elyvilon.
    45 | D        | Found a shadowy altar of Dithmenos.
    45 | D        | Found a snail-covered altar of Cheibriados.
    48 | D        | Found a corrupted altar of Lugonu.
    48 | D        | Found a radiant altar of Vehumet.
    48 | D        | Found a roughly hewn altar of Beogh.
    49 | D        | Found an ancient bone altar of Kikubaaqudgha.
    49 | D        | Found a hide-covered altar of Uskayaw.
    49 | D        | Found a broken altar of Ashenzari.
    55 | D        | Became a worshipper of Warmaster Okawaru
   182 | D        | Reached skill level 1 in Invocations
   194 | D        | Reached skill level 1 in Armour
   194 | D        | Reached XP level 2. HP: 25/31 MP: 2/2
   199 | D        | Reached skill level 1 in Maces & Flails
   332 | D        | Reached XP level 3. HP: 34/39 MP: 4/4
   405 | D        | Noticed a big kobold
   405 | D        | Noticed an orc warrior
   406 | D        | Reached skill level 5 in Throwing
   406 | D        | Reached XP level 4. HP: 49/49 MP: 4/6
   406 | D        | Noticed an ice beast
   410 | D        | Demolished by an orc warrior

Illustrated notes

Levels and vault maps discovered:
D:        pitsprint [storerooms_1, entrance_room_1, metal_vault_5, armoury_1,
          mini_pit_1, grid_room_1, main_hall_1, silver_pit, the_coven_2,
          the_vestibule_1, steel_vault_2, golden_pit, hallway_of_sentries,
          crystal_vault_2, iron_vault_2, final_vault]

Skill      XL: |  1  2  3 |
---------------+----------+-----
Fighting       | 3 4 |  4.7
Dodging        | 2 3 |  3.3
Invocations    | 1 2 |  2.9
Armour         | 1 2 |  2.2
Maces & Flails | 1 2 |  2.3
Throwing       | 5 |  5.0
Stealth        | |  0.6

Action                   |  1- 3 |  4- 6 || total
-------------------------+-------+-------++-------
Melee: Mace              |    27 |       ||    27
       Short sword       |     1 |       ||     1
Throw: Large rock        |     6 |     4 ||    10
Armor: Robe              |    14 |     1 ||    15
Dodge: Dodged            |    26 |     4 ||    30

Table legend: (Time is in decaauts)
 A = Elapsed time spent in this place.
 B = Non-inter-level travel time spent in this place.
 C = Inter-level travel time spent in this place.
 D = Time resting spent in this place.
 E = Time spent auto-exploring this place.
 F = Levels seen in this place.
 G = Mean time per level.
                   A        B        C        D        E       F      G
               +--------+--------+--------+--------+--------+-----+--------+
         Total |    425 |    425 |      0 |    196 |      0 |   1 |  425.0 |
       Dungeon |    425 |    425 |      0 |    196 |      0 |   1 |  425.0 |
               +--------+--------+--------+--------+--------+-----+--------+

Top non-repeatable levels by time:
       D: 425 daAuts
